 Dungeon Crawl Stone Soup version 0.19-b1-1-g9a3527e (webtiles) character file.

271 Inkary the Cudgeler (level 6, -13/34 HPs)
             Began as a Gargoyle Fighter on Oct 28, 2016.
             Was a Follower of Hepliaklqana.
             Mangled by an ogre
             ... wielding a +0 giant club
              (27 damage)
             ... on level 4 of the Dungeon.
             The game lasted 00:05:52 (3263 turns).

Inkary the Cudgeler (Gargoyle Fighter)              Turns: 3263, Time: 00:05:52

Health: -13/34     AC: 11    Str: 20    XL:     6   Next: 23%
Magic:  6/6        EV:  7    Int:  9    God:    Hepliaklqana [*.....]
Gold:   243        SH:  9    Dex: 10    Spells: 0 memorised, 5 levels left

rFire  . . .     SeeInvis +     w - +0 flail (venom)
rCold  . . .     Gourm    .     b - +0 scale mail
rNeg   + . .     Faith    .     c - +0 shield
rPois  ∞         Spirit   .     (no helmet)
rElec  +         Reflect  .     (no cloak)
rCorr  .         Harm     +     (no gloves)
MR     +....                    (no boots)
Stlth  ..........               n - amulet of harm
                                s - ring of see invisible
                                m - ring of protection from magic

@: no status effects
A: reduced essence, negative energy resistance 1, electricity resistance,
unbreathing, petrification resistance, rot immunity, AC +4
a: Recall Ancestor, Ancestor Identity, Renounce Religion


You were on level 4 of the Dungeon.
You worshipped Hepliaklqana.
Hepliaklqana was aware of your devotion.
You were not hungry.

You visited 1 branch of the dungeon, and saw 4 of its levels.

You collected 243 gold pieces.

Inventory:

Hand Weapons
 p - a +1 flail of holy wrath
 v - a +1 flail of protection
 w - a +0 flail of venom (weapon)
Armour
 b - a +0 scale mail (worn)
 c - a +0 shield (worn)
Jewellery
 m - a ring of protection from magic (left hand)
 n - an amulet of harm (around neck)
 s - a ring of see invisible (right hand)
Scrolls
 g - a scroll of recharging
 h - a scroll of enchant armour
 i - a scroll of remove curse
 j - a scroll of identify
 l - a scroll of amnesia {unknown}
 o - 3 scrolls of fog
 t - a scroll of teleportation {unknown}
 x - a scroll of blinking {unknown}
Potions
 a - a potion of curing {unknown}
 d - 2 potions of might
 e - a potion of haste
 k - a potion of cure mutation
 r - a potion of degeneration
 u - a potion of mutation {unknown}
 A - a potion of brilliance {unknown}
Comestibles
 f - 3 bread rations
 q - a fruit
 z - a chunk of flesh


   Skills:
 - Level 4.0 Fighting
 * Level 5.7 Maces & Flails
 - Level 3.7 Armour
 - Level 3.2 Shields


You had 5 spell levels left.
You didn't know any spells.

Dungeon Overview and Level Annotations

Branches:
Dungeon (4/15)             Temple (0/1) D:4

Altars:
Ashenzari
Hepliaklqana
Kikubaaqudgha
Ru


Innate Abilities, Weirdness & Mutations

You are resistant to torment.
Your stone body is resilient. (AC +4)
You are immune to poison.
You resist negative energy. (rN+)
You are resistant to electric shocks. (rElec)
You can survive without breathing.
You are immune to petrification.
You are immune to rotting.
Your life essence is reduced. (-10% HP)


Message History

You open the door.
There is an open door here.
You swap places.
You open the door.
An ogre comes into view. It is wielding a giant club.
Found 17 stones, a scroll labeled NERUPH GYTWER and 14 gold pieces.
An ogre is nearby!
An ogre is nearby!
An ogre is nearby!
Some of the chunks of flesh in your inventory have rotted away.
There is an open door here.
The ogre hits you with a giant club!
Ouch! That really hurt!
You hit the ogre.
The ogre is poisoned.
The ogre is lightly wounded.
You hit the ogre.
The ogre looks as sick as possible!
The ogre is moderately wounded.
The ogre hits you with a giant club!!
Ouch! That really hurt!
You die...

##.## #.# .# .# #.# ##+#
##.## ##...# #...###
##.....## #.....# #
#..$....## ##...#.### #
.........####...#....###
.....(O@.'..............
.....?.R.####...#..#.###
#.......## ##.##..#.# #
##.....## ####..#.# #
##...# #.##.# # ##+#
#.##.# #....# #.#### #.#


You could see the friendly Cihuaton the ancestor and an ogre.

Vanquished Creatures
  The ghost of Shufflesack the Conjurer, an amateur DECj (D:3)
  3 worker ants (D:4)
  3 gnolls (D:4)
  An adder (D:4)
  3 oozes
  3 worms
  A leopard gecko (D:1)
  6 orcs
  A ball python (D:2)
  6 bats
  3 giant cockroaches
  A goblin (D:2)
  6 hobgoblins
  2 kobolds
  3 frilled lizards
  2 rats
45 creatures vanquished.

Vanquished Creatures (collateral kills)
  A gnoll (D:4)
  An adder (D:2)
  A leopard gecko (D:2)
  2 orcs
  A frilled lizard (D:3)
  A rat (D:3)
7 creatures vanquished.

Vanquished Creatures (others)
  An ancestor (D:3)
1 creature vanquished.

Grand Total: 53 creatures vanquished

Notes
Turn   | Place    | Note
-------+----------+-------------------------------------------
     0 | D:1      | Inkary the Gargoyle Fighter began the quest for the Orb.
     0 | D:1      | Reached XP level 1. HP: 14/14 MP: 1/1
    70 | D:1      | Reached XP level 2. HP: 16/19 MP: 2/2
   816 | D:2      | Reached XP level 3. HP: 20/24 MP: 3/3
  1181 | D:2      | Found a hazy altar of Hepliaklqana.
  1195 | D:2      | Became a worshipper of Hepliaklqana the Forgotten
  1234 | D:2      | Reached skill level 3 in Maces & Flails
  1449 | D:3      | Noticed Shufflesack's ghost (amateur DECj)
  1666 | D:3      | Found a sacrificial altar of Ru.
  1748 | D:3      | HP: 1/21 [Shufflesack's ghost/magic dart (7)]
  1877 | D:2      | Reached XP level 4. HP: 12/26 MP: 4/4
  2014 | D:3      | Killed Shufflesack's ghost
  2014 | D:3      | Reached skill level 4 in Maces & Flails
  2014 | D:3      | Reached XP level 5. HP: 15/29 MP: 5/5
  2569 | D:4      | Reached skill level 5 in Maces & Flails
  2575 | D:4      | Found a shattered altar of Ashenzari.
  2660 | D:4      | Reached XP level 6. HP: 3/34 MP: 6/6
  2975 | D:4      | Found an ancient bone altar of Kikubaaqudgha.
  3069 | D:4      | Found a staircase to the Ecumenical Temple.
  3093 | D:4      | Reached * piety under Hepliaklqana
  3263 | D:4      | Mangled by an ogre

Skill      XL: |  1  2  3  4  5 |
---------------+----------------+-----
Maces & Flails | 3 4 5 |  5.7
Fighting       | 4 |  4.0
Armour         | |  3.7
Shields        | |  3.2

Action                   |  1- 3 |  4- 6 || total
-------------------------+-------+-------++-------
Melee: Flail             |   119 |    67 ||   186
  Use: Scroll            |     8 |       ||     8
  Eat: Chunk             |     2 |     4 ||     6
       Beef jerky        |       |     1 ||     1
Armor: Scale mail        |    77 |    23 ||   100
Dodge: Dodged            |    45 |    13 ||    58
Block: Shield            |    74 |    31 ||   105
